[Event "ICC tourney 2552 (3 2)"]
[Site "Internet Chess Club"]
[Date "2021.05.07"]
[Round "5"]
[White "A MISQUITH, CHRIS:K06-17053126"]
[Black "ANSELM RODRIGUES, EVANDER:K03-16965636"]
[Result "0-1"]
[ICCResult "White forfeits on time"]
[WhiteElo "1400"]
[BlackElo "1400"]
[Opening "Giuoco Pianissimo"]
[ECO "C55"]
[NIC "IG.01"]
[Time "19:45:22"]
[PlyCount "60"]
[TimeControl "180+2"]

1. e4 e5 2. Nf3 Nc6 3. Bc4 Nf6 4. d3 Bc5 5. O-O d6 6. Nc3 Bg4 7. h3 Bh5 8.
g4 Bg6 9. Nh4 O-O 10. Nxg6 hxg6 11. Qf3 a6 12. a4 Nd4 13. Qg2 Nxc2 14. Ra2
Nb4 15. Ra1 Nxd3 16. Bxd3 Qd7 17. b3 Bd4 18. Bb2 Qc6 19. Nd1 Bxb2 20. Nxb2
Qc3 21. Rab1 Qxb3 22. Qf3 d5 23. exd5 Nxd5 24. Bc4 Qxf3 25. Bxd5 Qxd5 26.
Rfd1 Qb3 27. Rd3 Qc2 28. Rdd1 e4 29. Rdc1 Qd2 30. Rd1 Qb4 { White forfeits
on time } 0-1

[Event "ICC tourney 2552 (3 2)"]
[Site "Internet Chess Club"]
[Date "2021.05.07"]
[Round "5"]
[White "SHARMA, SUNEET:K05-16802074"]
[Black "MINAYA LEMONDS, IBAI:K01-30033467"]
[Result "1-0"]
[ICCResult "Black checkmated"]
[WhiteElo "1400"]
[BlackElo "1400"]
[Opening "two knights defense: Wilkes Barre (Traxler) variation"]
[ECO "C57"]
[NIC "KP.01"]
[Time "19:46:33"]
[PlyCount "65"]
[TimeControl "180+2"]

1. e4 e5 2. Nf3 Nc6 3. Bc4 Nf6 4. Ng5 Bc5 5. Nxf7 Qe7 6. Nxh8 Qf8 7. Nf7 h6
8. Nc3 d6 9. O-O Bd7 10. d3 Na5 11. Nxd6+ Qxd6 12. Bb3 Nxb3 13. axb3 O-O-O
14. Be3 Kb8 15. Bxc5 Qxc5 16. Qd2 g5 17. Qe3 Qxe3 18. fxe3 Ng4 19. Nd5 Bc6
20. Nb4 Nxe3 21. Nxc6+ bxc6 22. Rf6 Nxc2 23. Rc1 Nb4 24. Rxh6 Nxd3 25. Rc2
Ne1 26. Rcxc6 Rd1 27. Kf2 Nd3+ 28. Kg3 Nxb2 29. Rh7 Rd3+ 30. Kg4 Rxb3 31.
Rcxc7 Nd1 32. Rcd7 Nc3 33. Rh8# { Black checkmated } 1-0

[Event "ICC tourney 2552 (3 2)"]
[Site "Internet Chess Club"]
[Date "2021.05.07"]
[Round "5"]
[White "DESAI, DHRITEE:K06-16336152"]
[Black "VONWILLER, CALLUM:K03-16667060"]
[Result "1-0"]
[ICCResult "Black forfeits on time"]
[WhiteElo "1400"]
[BlackElo "1400"]
[Opening "Giuoco Piano"]
[ECO "C54"]
[NIC "IG.02"]
[Time "19:46:00"]
[PlyCount "45"]
[TimeControl "180+2"]

1. e4 e5 2. Nf3 Nc6 3. Bc4 Bc5 4. c3 Nf6 5. d4 exd4 6. cxd4 Bb4+ 7. Bd2
Nxe4 8. d5 Bxd2+ 9. Nbxd2 Na5 10. Bd3 Nc5 11. Qe2+ Qe7 12. O-O Nxd3 13.
Qxd3 O-O 14. Rfe1 Qb4 15. Ng5 f5 16. Qh3 h6 17. Ngf3 f4 18. Re4 Qxb2 19.
Rb1 Qxa2 20. Rd4 d6 21. Qh4 Bf5 22. Rd1 Bc2 23. Re1 { Black forfeits on
time } 1-0

[Event "ICC tourney 2552 (3 2)"]
[Site "Internet Chess Club"]
[Date "2021.05.07"]
[Round "5"]
[White "SINHA, AANYA:K01-30168307"]
[Black "JANI, SONAM:K05-16948743"]
[Result "0-1"]
[ICCResult "White forfeits on time"]
[WhiteElo "1400"]
[BlackElo "1400"]
[Opening "Four knights: Scotch, 4...exd4"]
[ECO "C47"]
[NIC "KP.06"]
[Time "19:45:39"]
[PlyCount "52"]
[TimeControl "180+2"]

1. e4 e5 2. Nc3 Nc6 3. Nf3 Nf6 4. d4 exd4 5. Nxd4 Nxd4 6. Qxd4 Bd6 7. Qd1
Bc5 8. Bd3 d6 9. O-O Be6 10. Bc4 Bxc4 11. e5 dxe5 12. Re1 O-O 13. Be3 Bxe3
14. Rxe3 Re8 15. Re1 h6 16. Qxd8 Raxd8 17. Rad1 Rxd1 18. Rxd1 Ng4 19. f3
Nf6 20. g4 c6 21. b3 Be6 22. Na4 b5 23. Nc5 Bc8 24. b4 Be6 25. Rb1 Bxa2 26.
Ra1 Be6 { White forfeits on time } 0-1

[Event "ICC tourney 2552 (3 2)"]
[Site "Internet Chess Club"]
[Date "2021.05.07"]
[Round "5"]
[White "JEHIN, RISHIN:K01-30043660"]
[Black "XIA, CHENXIANG:K05-16930170"]
[Result "1-0"]
[ICCResult "Black resigns"]
[WhiteElo "1400"]
[BlackElo "1400"]
[Opening "Giuoco Piano"]
[ECO "C54"]
[NIC "IG.02"]
[Time "19:46:11"]
[PlyCount "43"]
[TimeControl "180+2"]

1. e4 e5 2. Nf3 Nc6 3. Bc4 Bc5 4. c3 Nf6 5. d4 exd4 6. cxd4 Bb4+ 7. Bd2
Bxd2+ 8. Nbxd2 O-O 9. O-O d5 10. exd5 Nxd5 11. Qb3 Be6 12. Rfe1 Na5 13. Qa4
Nxc4 14. Nxc4 a6 15. Nce5 b5 16. Qc2 f6 17. Nc6 Qd6 18. Rac1 Bd7 19. Na5
Nb4 20. Qxc7 Qxc7 21. Rxc7 Bg4 22. Ree7 { Black resigns } 1-0

[Event "ICC tourney 2552 (3 2)"]
[Site "Internet Chess Club"]
[Date "2021.05.07"]
[Round "5"]
[White "DEVARAJ, SHREYA:K05-16369648"]
[Black "INDUKURI, SUHAS:K01-16887781"]
[Result "1-0"]
[ICCResult "Black forfeits on time"]
[WhiteElo "1400"]
[BlackElo "1400"]
[Opening "Queen's pawn game"]
[ECO "A46"]
[NIC "QP.05"]
[Time "19:45:58"]
[PlyCount "57"]
[TimeControl "180+2"]

1. d4 Nf6 2. Nf3 e6 3. Bf4 Nc6 4. e3 d5 5. c3 Bd7 6. Bd3 Be7 7. Nbd2 O-O 8.
O-O h6 9. Ne5 Bd6 10. h3 Re8 11. Ndf3 a6 12. Bh2 Qe7 13. Bc2 Rab8 14. a3 b5
15. Re1 a5 16. Qe2 b4 17. axb4 axb4 18. Qd3 Ne4 19. Nd2 f5 20. Nxe4 fxe4
21. Qd2 Qg5 22. Nxd7 Bxh2+ 23. Kxh2 Qe7 24. Nxb8 Qd6+ 25. Kg1 Rxb8 26. Qe2
bxc3 27. bxc3 Ne7 28. Rab1 Rf8 29. Qg4 { Black forfeits on time } 1-0

[Event "ICC tourney 2552 (3 2)"]
[Site "Internet Chess Club"]
[Date "2021.05.07"]
[Round "5"]
[White "GALLEGE, REHAN:K05-16946930"]
[Black "THOMAS, HENRY:K03-16790331"]
[Result "1-0"]
[ICCResult "Black resigns"]
[WhiteElo "1400"]
[BlackElo "1400"]
[Opening "two knights defense: Wilkes Barre (Traxler) variation"]
[ECO "C57"]
[NIC "KP.01"]
[Time "19:46:05"]
[PlyCount "99"]
[TimeControl "180+2"]

1. e4 e5 2. Nf3 Nc6 3. Bc4 Nf6 4. Ng5 Bc5 5. Bxf7+ Kf8 6. Bd5 Nxd5 7. exd5
Qxg5 8. Qf3+ Qf6 9. Qxf6+ gxf6 10. dxc6 dxc6 11. Nc3 Be6 12. d3 Rg8 13.
Bh6+ Ke8 14. g3 f5 15. O-O-O a5 16. Rhe1 Bd6 17. f4 e4 18. dxe4 fxe4 19.
Rxe4 Kd7 20. Ree1 b5 21. Ne4 a4 22. Nc5+ Kc8 23. Nxe6 b4 24. Rd3 a3 25.
bxa3 bxa3 26. Nd4 c5 27. Nb5 Rb8 28. Nxd6+ cxd6 29. Rxd6 Kc7 30. Rd3 Ra8
31. Re7+ Kc6 32. Rxh7 Kb5 33. Rg7 Rgb8 34. Rb3+ Kc6 35. Rxb8 Rxb8 36. Ra7
Kb5 37. Rxa3 Kb4 38. Rb3+ Kc4 39. Rxb8 Kc3 40. Bg7+ Kc4 41. Bf8 Kd5 42.
Rd8+ Kc6 43. Bxc5 Kxc5 44. c4 Kxc4 45. h4 Kb4 46. h5 Kb5 47. h6 Kb4 48. h7
Kb5 49. h8=Q Kb4 50. Rd4+ { Black resigns } 1-0

[Event "ICC tourney 2552 (3 2)"]
[Site "Internet Chess Club"]
[Date "2021.05.07"]
[Round "5"]
[White "BHOOMA, DHIVIJ:K05-16188670"]
[Black "SUDEENDRA, SANKARSHANA:K06-30017519"]
[Result "0-1"]
[ICCResult "White checkmated"]
[WhiteElo "1400"]
[BlackElo "1573"]
[Opening "Giuoco Piano: four knights variation"]
[ECO "C46"]
[NIC "KP.06"]
[Time "19:46:02"]
[PlyCount "134"]
[TimeControl "180+2"]

1. e4 e5 2. Nf3 Nc6 3. Nc3 Bc5 4. Bc4 Nf6 5. O-O d6 6. d3 h6 7. Be3 Bb6 8.
h3 Be6 9. Bxe6 fxe6 10. d4 exd4 11. Nxd4 Nxd4 12. Bxd4 Bxd4 13. Qxd4 e5 14.
Qd1 Qd7 15. Re1 O-O 16. Nd5 Nxd5 17. exd5 Rf7 18. b4 Raf8 19. Rf1 Rf6 20.
c4 Qf7 21. Qd2 b6 22. a4 Qd7 23. c5 dxc5 24. bxc5 bxc5 25. Qa2 Qd6 26. a5
c6 27. Qb3 cxd5 28. Rad1 c4 29. Qb5 Kh8 30. Rxd5 Qc6 31. Qxc6 Rxc6 32. Rxe5
c3 33. Rc1 c2 34. Re2 Rfc8 35. Kf1 Kg8 36. Ke1 Rc5 37. a6 R8c6 38. f3 Rxa6
39. Rexc2 Rxc2 40. Rxc2 Ra1+ 41. Ke2 a5 42. Kd3 Rb1 43. Kc3 a4 44. Rb2 Rxb2
45. Kxb2 Kf7 46. Ka3 Kf6 47. Kxa4 Kf5 48. Kb3 Kf4 49. Kc2 Kg3 50. Kd3 Kxg2
51. Ke4 Kxh3 52. Kf5 Kg3 53. Kg6 Kxf3 54. Kxg7 h5 55. Kg6 h4 56. Kg5 h3 57.
Kh4 h2 58. Kg5 h1=Q 59. Kf5 Qh5+ 60. Ke6 Ke4 61. Kd6 Qd5+ 62. Kc7 Qe6 63.
Kb7 Kd5 64. Kc7 Qc6+ 65. Kb8 Qd7 66. Ka8 Kc6 67. Kb8 Qb7# { White
checkmated } 0-1

[Event "ICC tourney 2552 (3 2)"]
[Site "Internet Chess Club"]
[Date "2021.05.07"]
[Round "5"]
[White "JOHNSON, TNIYA:K05-30153002"]
[Black "FU, JAYDEN:K01-30152838"]
[Result "0-1"]
[ICCResult "White forfeits on time"]
[WhiteElo "1400"]
[BlackElo "1400"]
[Opening "Queen's pawn game, Chigorin variation"]
[ECO "D02"]
[NIC "QP.08"]
[Time "19:45:23"]
[PlyCount "70"]
[TimeControl "180+2"]

1. d4 d5 2. Nf3 Nc6 3. g3 e5 4. Bg2 Bf5 5. h3 exd4 6. g4 Bg6 7. Ng5 h6 8.
h4 hxg5 9. hxg5 Rxh1+ 10. Bxh1 Be7 11. Na3 Bxg5 12. Bxg5 Qxg5 13. Qc1 Qxg4
14. Bf3 Qg1+ 15. Kd2 Qxf2 16. Qf1 Qxf1 17. Rxf1 O-O-O 18. Rh1 Be4 19. Rh3
f5 20. c3 dxc3+ 21. bxc3 g5 22. Kd1 g4 23. Rh1 gxf3 24. Re1 fxe2+ 25. Rxe2
Bf3 26. Ke1 Bxe2 27. Kxe2 Re8+ 28. Kd2 f4 29. Kc2 f3 30. Kd1 Nf6 31. c4
dxc4 32. Kd2 Rd8+ 33. Kc3 f2 34. Kc2 f1=Q 35. Kc3 Qd3+ { White forfeits on
time } 0-1

[Event "ICC tourney 2552 (3 2)"]
[Site "Internet Chess Club"]
[Date "2021.05.07"]
[Round "5"]
[White "MEHTA, JAI:K03-30145358"]
[Black "LOVE, ANDREAS:K01-30154512"]
[Result "1-0"]
[ICCResult "Black checkmated"]
[WhiteElo "1400"]
[BlackElo "1139"]
[Opening "Sicilian: accelerated fianchetto, modern variation"]
[ECO "B34"]
[NIC "SI.31"]
[Time "19:46:13"]
[PlyCount "109"]
[TimeControl "180+2"]

1. e4 c5 2. Nf3 Nc6 3. Nc3 g6 4. d4 cxd4 5. Nxd4 Ne5 6. f4 Nc6 7. Nxc6 bxc6
8. Bc4 e6 9. O-O Bc5+ 10. Kh1 Bb7 11. Na4 Bf8 12. Be3 Bg7 13. Rb1 Ne7 14.
Nc5 Bc8 15. Ba6 Bxa6 16. Nxa6 O-O 17. Nc5 Re8 18. Nb7 Qc7 19. Nc5 Rab8 20.
c3 d6 21. Na6 Qb7 22. Nxb8 Qxb8 23. Bd4 Bf8 24. e5 dxe5 25. Bxe5 Rd8 26.
Bxb8 Rxb8 27. Qd7 Rc8 28. Qxc8 Nxc8 29. Rfd1 Ne7 30. Rd8 Kg7 31. Rbd1 Nf5
32. g4 Ne3 33. R1d7 Nxg4 34. Rxa7 Bc5 35. Rdd7 Bxa7 36. Rxa7 Nf2+ 37. Kg2
Nd3 38. b4 Nxf4+ 39. Kf3 Nh5 40. c4 Kf6 41. b5 c5 42. b6 g5 43. b7 Kf5 44.
b8=Q g4+ 45. Kg2 Nf4+ 46. Kf1 Ke4 47. Rxf7 Nd3 48. Qb7+ Kd4 49. Rd7+ Kxc4
50. Qa6+ Kc3 51. Qxd3+ Kb2 52. Qd2+ Ka1 53. Rf7 Kb1 54. Kg2 Ka1 55. Rf1# {
Black checkmated } 1-0

[Event "ICC tourney 2552 (3 2)"]
[Site "Internet Chess Club"]
[Date "2021.05.07"]
[Round "5"]
[White "SHAHINYAN, INNA:K05-17114472"]
[Black "AGARWAL, SAATVIK:K01-30138317"]
[Result "1-0"]
[ICCResult "Black checkmated"]
[WhiteElo "1400"]
[BlackElo "1400"]
[Opening "Two knights defense"]
[ECO "C57"]
[NIC "KP.01"]
[Time "19:46:13"]
[PlyCount "77"]
[TimeControl "180+2"]

1. e4 e5 2. Nf3 Nc6 3. Bc4 Nf6 4. Ng5 Qe7 5. Bxf7+ Kd8 6. Bc4 a6 7. Nf7+
Ke8 8. Nxh8 b5 9. Bd5 g6 10. O-O Bg7 11. Nf7 d6 12. Nc3 Be6 13. Bxc6+ Kxf7
14. Bxa8 Bc4 15. Re1 Qd8 16. Bd5+ Bxd5 17. Nxd5 Nxd5 18. exd5 Qg5 19. d4
exd4 20. Bxg5 Bf6 21. Bxf6 Kxf6 22. Re6+ Kf7 23. Qf3+ Kg7 24. Rae1 a5 25.
Re7+ Kh6 26. Qf4+ g5 27. Qh4+ gxh4 28. R1e6+ Kg5 29. Rg7+ Kf5 30. Rxh7 Kg5
31. Kf1 Kg4 32. f3+ Kf5 33. g4+ Kf4 34. Rf7+ Kg5 35. Ke2 h3 36. Kd3 a4 37.
Ke4 b4 38. Rf5+ Kh4 39. Rh6# { Black checkmated } 1-0

[Event "ICC tourney 2552 (3 2)"]
[Site "Internet Chess Club"]
[Date "2021.05.07"]
[Round "5"]
[White "SINGH CHANDI, ISHNOOR:K06-16106643"]
[Black "VELLORE, INAY:K05-15913368"]
[Result "1-0"]
[ICCResult "Black checkmated"]
[WhiteElo "1400"]
[BlackElo "1400"]
[Opening "Caro-Kann: closed (Breyer) variation"]
[ECO "B10"]
[NIC "CK.01"]
[Time "19:45:49"]
[PlyCount "77"]
[TimeControl "180+2"]

1. e4 c6 2. d3 d5 3. Nd2 e5 4. Ngf3 Bg4 5. g3 Qf6 6. Bg2 Bb4 7. c3 Bc5 8.
h3 Be6 9. d4 exd4 10. e5 Qd8 11. cxd4 Bb4 12. O-O Ne7 13. Nb3 O-O 14. a3
Ba5 15. Nxa5 Qxa5 16. Bd2 Qb6 17. Bb4 Re8 18. Qd2 Nf5 19. Bc5 Qc7 20. g4
Ne7 21. Ng5 b6 22. Bd6 Qd7 23. Qc2 g6 24. f4 h6 25. Nxe6 Qxe6 26. f5 Qd7
27. Bxe7 Qxe7 28. fxg6 fxg6 29. Qxg6+ Kh8 30. Rf7 Qxf7 31. Qxf7 Rg8 32. e6
Na6 33. e7 Nc7 34. Qf6+ Kh7 35. Qxc6 Rac8 36. Bxd5 Rge8 37. Be4+ Kg7 38.
Qg6+ Kh8 39. Qh7# { Black checkmated } 1-0

[Event "ICC tourney 2552 (3 2)"]
[Site "Internet Chess Club"]
[Date "2021.05.07"]
[Round "5"]
[White "DINESH, ROHAN:K06-16497373"]
[Black "LIU, LUCAS:K03-16947300"]
[Result "0-1"]
[ICCResult "White resigns"]
[WhiteElo "1400"]
[BlackElo "1400"]
[Opening "Scotch gambit"]
[ECO "C44"]
[NIC "SO.06"]
[Time "19:46:33"]
[PlyCount "99"]
[TimeControl "180+2"]

1. e4 e5 2. Nf3 Nc6 3. d4 exd4 4. Bc4 Bc5 5. c3 dxc3 6. Bxf7+ Kf8 7. Nxc3
Qf6 8. Bd5 d6 9. Bg5 Qg6 10. O-O Bg4 11. Be3 Bb6 12. Bxb6 axb6 13. h3 Bh5
14. g4 Nf6 15. g5 Nd7 16. Qd2 Bxf3 17. Qf4+ Ke7 18. Qxf3 Qxg5+ 19. Qg3
Qxg3+ 20. fxg3 Rhf8 21. Rxf8 Rxf8 22. Nb5 Kd8 23. Rf1 Rxf1+ 24. Kxf1 Nb4
25. a3 Nxd5 26. exd5 Nf6 27. Nc3 c6 28. dxc6 bxc6 29. Ke2 Ke7 30. Kf3 Ke6
31. Kf4 d5 32. Ne2 c5 33. g4 d4 34. g5 Nd5+ 35. Kg3 Ke5 36. Ng1 d3 37. Nf3+
Ke4 38. Nd2+ Ke3 39. Nc4+ Ke2 40. Kg2 d2 41. Nxd2 Kxd2 42. Kf3 Kc2 43. Ke4
Nc7 44. b4 c4 45. a4 c3 46. Ke3 Kd1 47. Kd3 c2 48. a5 bxa5 49. bxa5 c1=Q
50. Ke4 { White resigns } 0-1

[Event "ICC tourney 2552 (3 2)"]
[Site "Internet Chess Club"]
[Date "2021.05.07"]
[Round "5"]
[White "J KUMBHARE, SHLOK:K01-30055831"]
[Black "ROY, AYUSH:K05-16710940"]
[Result "0-1"]
[ICCResult "White checkmated"]
[WhiteElo "1400"]
[BlackElo "1400"]
[Opening "Sicilian: Nimzovich-Rossolimo attack (without ...d6)"]
[ECO "B30"]
[NIC "SI.31"]
[Time "19:45:41"]
[PlyCount "76"]
[TimeControl "180+2"]

1. e4 c5 2. Nf3 Nc6 3. Bb5 e6 4. Nc3 d6 5. O-O Nf6 6. Qe2 Bd7 7. d3 Be7 8.
Be3 d5 9. exd5 exd5 10. Bf4 O-O 11. Rfe1 Re8 12. Ne5 Nxe5 13. Bxe5 d4 14.
Bxd7 Qxd7 15. Ne4 Nxe4 16. dxe4 Rad8 17. Bg3 b5 18. e5 c4 19. b3 d3 20.
cxd3 cxd3 21. Qe3 Bb4 22. Red1 Qd4 23. Qxd4 Rxd4 24. Rac1 d2 25. Rc7 f6 26.
Rxa7 fxe5 27. Rb7 e4 28. f3 exf3 29. gxf3 Rd3 30. Kg2 Rde3 31. Rxb5 Bc3 32.
h3 Re2+ 33. Kf1 R2e3 34. Kf2 Re1 35. Rxe1 dxe1=Q+ 36. Kg2 Re2+ 37. Bf2
Qxf2+ 38. Kh1 Re1# { White checkmated } 0-1

[Event "ICC tourney 2552 (3 2)"]
[Site "Internet Chess Club"]
[Date "2021.05.07"]
[Round "5"]
[White "LEE WANG, HUBERT:K05-17101448"]
[Black "MANCHANDA, ADVIK:K01-30054176"]
[Result "1-0"]
[ICCResult "Black checkmated"]
[WhiteElo "1400"]
[BlackElo "1400"]
[Opening "Ponziani: Jaenisch counter-attack"]
[ECO "C44"]
[NIC "KP.05"]
[Time "19:45:37"]
[PlyCount "97"]
[TimeControl "180+2"]

1. e4 e5 2. Nf3 Nc6 3. c3 Nf6 4. d4 exd4 5. e5 Ne4 6. cxd4 Be7 7. Bc4 d5 8.
exd6 Qxd6 9. Nc3 Nxc3 10. bxc3 O-O 11. O-O Qg6 12. Bd3 Qf6 13. h3 Bf5 14.
Bxf5 Qxf5 15. Nd2 Rad8 16. Re1 Rd6 17. Nc4 Rg6 18. Re3 Qd5 19. g3 Qxc4 20.
d5 Bg5 21. Rf3 Bxc1 22. Qxc1 Ne7 23. Rf4 Nxd5 24. Rxc4 c6 25. Qd2 b5 26.
Re4 Re6 27. Rxe6 fxe6 28. Re1 Re8 29. Qg5 h6 30. Qd2 Re7 31. Re2 a6 32. a3
a5 33. Qc2 a4 34. c4 Nb6 35. cxb5 cxb5 36. Qc6 Rb7 37. Qxb5 g5 38. Rxe6 Kf7
39. Rxb6 Rxb6 40. Qxb6 Ke7 41. Qxh6 Kd8 42. Qh7 Kc8 43. Kf1 Kb8 44. Ke2 Kc8
45. Kd3 Kd8 46. Kc4 Ke8 47. Kd5 Kf8 48. Ke6 Ke8 49. Qe7# { Black checkmated
} 1-0

[Event "ICC tourney 2552 (3 2)"]
[Site "Internet Chess Club"]
[Date "2021.05.07"]
[Round "5"]
[White "KIRKUS, GRANT:K03-30161085"]
[Black "GUPTA, VIHAAN:K01-30156581"]
[Result "1-0"]
[ICCResult "Black checkmated"]
[WhiteElo "1400"]
[BlackElo "1084"]
[Opening "QGA: 3.e4"]
[ECO "D20"]
[NIC "QG.04"]
[Time "19:46:31"]
[PlyCount "81"]
[TimeControl "180+2"]

1. d4 d5 2. c4 dxc4 3. e4 Nf6 4. Qa4+ Nc6 5. e5 Nd7 6. d5 Ncxe5 7. Bxc4 e6
8. dxe6 fxe6 9. Bxe6 Nd3+ 10. Kd1 Nxf2+ 11. Ke1 Nxh1 12. Bxd7+ Bxd7 13.
Qe4+ Be7 14. Nc3 Rf8 15. Qxh7 Bf6 16. Nf3 Qe7+ 17. Ne2 Bb5 18. Qh5+ Rf7 19.
Qh8+ Rf8 20. Qh5+ Kd8 21. Qxb5 b6 22. Qc6 Rc8 23. Bg5 Bxg5 24. Rd1+ Qd6 25.
Rxd6+ cxd6 26. Qxd6+ Ke8 27. Nxg5 Rc1+ 28. Nxc1 Nf2 29. Nf3 Ne4 30. Qe6+
Kd8 31. Qxe4 Rxf3 32. gxf3 b5 33. h3 b4 34. a4 bxa3 35. bxa3 g6 36. f4 a5
37. f5 g5 38. f6 g4 39. Qe7+ Kc8 40. f7 g3 41. f8=Q# { Black checkmated }
1-0

[Event "ICC tourney 2552 (3 2)"]
[Site "Internet Chess Club"]
[Date "2021.05.07"]
[Round "5"]
[White "KONDABATHINI, NAMISH:K05-16992657"]
[Black "LI, ALBERT:K01-30047481"]
[Result "1-0"]
[ICCResult "Black checkmated"]
[WhiteElo "1400"]
[BlackElo "1400"]
[Opening "QGD: 3.Nc3"]
[ECO "D31"]
[NIC "QP.08"]
[Time "19:46:33"]
[PlyCount "75"]
[TimeControl "180+2"]

1. d4 d5 2. c4 e6 3. Nc3 Nc6 4. Nf3 Nf6 5. Bf4 Bb4 6. Qc2 Ne4 7. a3 Bxc3+
8. bxc3 Nf6 9. e3 Bd7 10. cxd5 exd5 11. Bd3 Qe7 12. O-O Qd8 13. c4 dxc4 14.
Bxc4 O-O 15. Be5 Nxe5 16. Nxe5 h6 17. Qb3 Qe7 18. Ng6 Qe4 19. Nxf8 Rxf8 20.
Qd3 Qg4 21. h3 Qg5 22. Kh2 Bc6 23. f3 Re8 24. e4 Nxe4 25. fxe4 Bxe4 26.
Bxf7+ Kh8 27. Qg3 Qxg3+ 28. Kxg3 Re7 29. d5 Bd3 30. Rae1 Rd7 31. Re8+ Kh7
32. Bg8+ Kg6 33. Re6+ Kg5 34. Re5+ Kg6 35. Re6+ Kg5 36. h4+ Kh5 37. Re5+
Kg6 38. h5# { Black checkmated } 1-0

[Event "ICC tourney 2552 (3 2)"]
[Site "Internet Chess Club"]
[Date "2021.05.07"]
[Round "5"]
[White "AYYAPPAN, SANTHOSH:K01-16959235"]
[Black "ILYASOV, AHMED:K03-30131511"]
[Result "1-0"]
[ICCResult "Black checkmated"]
[WhiteElo "1400"]
[BlackElo "1157"]
[Opening "Sicilian: Najdorf, 6...e6"]
[ECO "B95"]
[NIC "SI.04"]
[Time "19:46:07"]
[PlyCount "111"]
[TimeControl "180+2"]

1. e4 c5 2. Nf3 d6 3. d4 cxd4 4. Nxd4 Nf6 5. Nc3 a6 6. Bg5 e6 7. Bd3 Be7 8.
O-O Nc6 9. Nde2 Nxe4 10. Bxe7 Nxc3 11. Bxd8 Nxd1 12. Raxd1 Nxd8 13. Nc3 O-O
14. f4 d5 15. f5 d4 16. Ne2 e5 17. Rde1 Nc6 18. Ng3 Re8 19. Ne4 f6 20. Bc4+
Kh8 21. g4 g6 22. Nxf6 Rf8 23. fxg6 hxg6 24. g5 Bf5 25. Rf2 Kg7 26. Bd5
Rad8 27. Bxc6 bxc6 28. Rxe5 Rxf6 29. gxf6+ Kxf6 30. Rc5 Rd6 31. Ra5 Ke6 32.
Rxa6 d3 33. cxd3 Bxd3 34. Ra3 Be4 35. Re3 Ke5 36. Rfe2 Rd1+ 37. Re1 Rd4 38.
Kf2 Rd2+ 39. R1e2 Rd4 40. Rxe4+ Rxe4 41. Rxe4+ Kxe4 42. a4 Kd5 43. Ke3 Kc5
44. Kf4 Kb4 45. b3 Kxb3 46. a5 c5 47. a6 c4 48. a7 c3 49. a8=Q c2 50. Qd5+
Kb2 51. Qd2 Kb1 52. Qb4+ Kc1 53. Ke3 g5 54. h3 g4 55. hxg4 Kd1 56. Qd2# {
Black checkmated } 1-0

[Event "ICC tourney 2552 (3 2)"]
[Site "Internet Chess Club"]
[Date "2021.05.07"]
[Round "5"]
[White "QIAO, MASON:K05-17196377"]
[Black "STAMOS, BEAU:K03-16797340"]
[Result "1-0"]
[ICCResult "Black forfeits on time"]
[WhiteElo "1155"]
[BlackElo "1454"]
[Opening "Two knights defense"]
[ECO "C57"]
[NIC "KP.01"]
[Time "19:45:59"]
[PlyCount "83"]
[TimeControl "180+2"]

1. e4 e5 2. Nf3 Nc6 3. Bc4 Nf6 4. Ng5 Qe7 5. b3 h6 6. Ba3 d6 7. Nxf7 Rg8 8.
Nc3 Be6 9. Nd5 Qxf7 10. Nxc7+ Qxc7 11. Bxe6 Rh8 12. d4 Qb6 13. d5 Qd4 14.
Qxd4 Nxd4 15. Rc1 Nxe6 16. dxe6 g5 17. c4 d5 18. Bxf8 Rxf8 19. cxd5 Nxe4
20. O-O Rd8 21. f3 Nd2 22. Rfd1 Ne4 23. fxe4 h5 24. Rc7 h4 25. Rg7 Rc8 26.
Rxg5 Rc2 27. Rg4 Rh8 28. g3 hxg3 29. Rxg3 Rxa2 30. Rg7 Rg2+ 31. Kxg2 Kf8
32. Rxb7 Rg8+ 33. Kh1 Rg7 34. Rb8+ Ke7 35. Rb7+ Kf6 36. Rf1+ Kg6 37. Rg1+
Kh7 38. Rgxg7+ Kh6 39. Rh7+ Kg6 40. Rbg7+ Kf6 41. Rf7+ Kg6 42. h4 { Black
forfeits on time } 1-0

[Event "ICC tourney 2552 (3 2)"]
[Site "Internet Chess Club"]
[Date "2021.05.07"]
[Round "5"]
[White "LAKSHMANAN, KARTHIK:K05-17329162"]
[Black "CHA, SAMUEL:K03-30048965"]
[Result "0-1"]
[ICCResult "White checkmated"]
[WhiteElo "1400"]
[BlackElo "1400"]
[Opening "French: advance, Paulsen attack"]
[ECO "C02"]
[NIC "FR.03"]
[Time "19:46:02"]
[PlyCount "84"]
[TimeControl "180+2"]

1. e4 e6 2. d4 d5 3. e5 c5 4. c3 Nc6 5. Nf3 Qb6 6. Be3 Qxb2 7. Nbd2 Qxc3 8.
Be2 cxd4 9. Bg5 d3 10. Rc1 dxe2 11. Rxc3 exd1=Q+ 12. Kxd1 h6 13. Bh4 g5 14.
Bg3 Bb4 15. Rb3 Bxd2 16. Nxd2 b6 17. Rc3 Na5 18. Ke2 Ba6+ 19. Kd1 Ne7 20.
h3 Nf5 21. Bh2 O-O 22. Nf3 Rfc8 23. Rxc8+ Rxc8 24. Kd2 Nc4+ 25. Kd1 Na5 26.
g4 Ne7 27. Nd2 Nc4 28. Nb3 Nc6 29. f3 Nb4 30. Ke1 Na3 31. Kf2 Rc2+ 32. Kg3
Nd3 33. Nd4 Rc4 34. Ne2 Nf4 35. Re1 Rc2 36. Nxf4 gxf4+ 37. Kxf4 Rxh2 38.
Re3 Nc4 39. Rb3 Re2 40. h4 Nd2 41. Rb2 Rf2 42. Rb4 Rxf3# { White checkmated
} 0-1

[Event "ICC tourney 2552 (3 2)"]
[Site "Internet Chess Club"]
[Date "2021.05.07"]
[Round "5"]
[White "SARANGI, SHREYAN:K05-17058212"]
[Black "SANTOSH, SAHARSH:K03-17153914"]
[Result "1-0"]
[ICCResult "Black checkmated"]
[WhiteElo "1400"]
[BlackElo "1400"]
[Opening "Queen's pawn: Charlick (Englund) gambit"]
[ECO "A40"]
[NIC "QO.17"]
[Time "19:45:35"]
[PlyCount "127"]
[TimeControl "180+2"]

1. d4 e5 2. dxe5 Nc6 3. Nf3 d6 4. exd6 Bxd6 5. Nc3 Nf6 6. e4 Bg4 7. Be2 O-O
8. O-O Qe7 9. Bg5 Rad8 10. Nd5 Qe6 11. Bxf6 gxf6 12. h3 Bxh3 13. gxh3 Qxh3
14. Nxf6+ Kh8 15. Qd2 Bh2+ 16. Nxh2 Rxd2 17. Bf3 Nd4 18. Bg4 Qh6 19. e5
Ne2+ 20. Kh1 Ng3+ 21. Kg2 Nxf1 22. Rxf1 Rd4 23. Rh1 Qg6 24. Kf1 Rg8 25. Bf3
Rf4 26. Nxg8 Qxg8 27. Rg1 Qf8 28. Rg3 c6 29. Kg2 f6 30. exf6 Rxf6 31. Ng4
Rg6 32. Kf1 h5 33. Rh3 Kg7 34. Ne5 Qf5 35. Nxg6 Qxh3+ 36. Bg2 Kxg6 37. Bxh3
Kg5 38. Bc8 b5 39. Bb7 c5 40. Ke2 c4 41. b3 h4 42. bxc4 bxc4 43. Ke3 Kg4
44. Kd4 h3 45. Kxc4 h2 46. Kb5 Kh3 47. c4 Kg4 48. c5 Kf5 49. Bh1 Ke6 50. c6
Kd6 51. Ka6 Kc7 52. Kxa7 Kc8 53. a3 Kc7 54. f4 Kd8 55. f5 Kc8 56. f6 Kd8
57. f7 Ke7 58. c7 Ke6 59. c8=Q+ Ke5 60. Qe8+ Kd4 61. f8=Q Kd3 62. Qf3+ Kc2
63. Qee2+ Kb1 64. Qff1# { Black checkmated } 1-0